AoeStats
← -GLAZ-

Arabia

508669681Analyzed
1v1 RM · 8d ago on Sep 23, 2026· 85m 47s· 2 players
Game mode
Random Map
Map size
Tiny (2 player)
Population
200
Speed
Normal
Resources
Standard
Victory
Conquest
Starting age
Dark Age
Ending age
Imperial Age
RankedLock teamsTeams togetherTeam positionsShared explorationLock speedFull tech treeHidden civsTurbo modeCheats
Victory
Defeat
🇷🇺 Slavs · Russia
914
+15
🇳🇱 Japanese · Netherlands
893
-15
daedric_prodigy
10:29 Feudal Age
8:45 Loom
11:30 Double-Bit Axe
21:18 Castle Age
20:11 Fletching
20:53 Padded Archer Armor
20:48 Gold Mining
20:51 Stone Mining
21:40 Scale Mail Armor
22:31 Bodkin Arrow
22:21 Horse Collar
24:17 Wheelbarrow
25:16 Husbandry
28:56 Ballistics
29:38 Hand Cart
29:40 Leather Archer Armor
30:12 Thumb Ring
30:15 Squires
30:01 Gambesons
33:54 Imperial Age
32:01 Bloodlines
32:05 Arson
34:32 Heavy Plow
35:10 Gold Shaft Mining
38:35 Parthian Tactics
38:41 Chain Mail Armor
38:31 Heavy Cavalry Archer
39:02 Pikeman
40:01 Bracer
40:24 Town Watch
41:37 Conscription
41:02 Elite Samurai
41:10 Elite Samurai
42:11 Halberdier
43:28 Forging
50:29 Plate Mail Armor
50:37 Iron Casting
51:11 Chemistry
53:01 Kataparuto
59:06 Ring Archer Armor
68:51 Elite Skirmisher
76:35 Blast Furnace
80:36 Capped Ram
-GLAZ-
5:28 Loom
13:10 Feudal Age
13:45 Horse Collar
13:52 Double-Bit Axe
21:03 Castle Age
23:09 Heavy Plow
24:41 Bow Saw
26:39 Scale Barding Armor
26:44 Forging
26:43 Elite Skirmisher
28:40 Fletching
30:42 Detinets
32:02 Iron Casting
31:47 Chain Barding Armor
32:09 Gold Mining
35:02 Imperial Age
34:34 Chain Barding Armor
34:54 Wheelbarrow
35:33 Gold Shaft Mining
35:22 Masonry
36:10 Conscription
36:09 Bloodlines
35:59 Husbandry
37:01 Blast Furnace
36:37 Plate Barding Armor
36:10 Stone Mining
36:57 Crop Rotation
37:28 Two-Man Saw
37:49 Hand Cart
37:10 Elite Boyar
37:36 Onager
39:07 Siege Onager
39:36 Town Watch
49:53 Hoardings
50:50 Herbal Medicine
80:39 Town Patrol
Connection lost

Rejoining the realm…

Still unreachable

The connection could not be restored.

Session expired

The server has moved on; the page needs a fresh start.